 Dungeon Crawl Stone Soup version 0.31-a0-128-g25add195a6 (webtiles) character file.

Game seed: 3457958753310656181

154 ders the Digger (level 5, -2/28 HPs)
             Began as a Gargoyle Earth Elementalist on June 1, 2023.
             Slain by an ice beast (12 damage)
             ... on level 3 of the Dungeon.
             The game lasted 00:02:53 (2779 turns).

ders the Digger (Gargoyle Earth Elementalist)       Turns: 2779, Time: 00:02:53

Health: -2/28      AC:  7    Str: 11    XL:     5   Next: 35%
Magic:  0/9        EV: 11    Int: 18    God:
Gold:   157        SH:  0    Dex: 10    Spells: 6/10 levels left

rFire   . . .        c - +0 rapier
rCold   . . .        (no shield)
rNeg    + . .        a - +1 robe
rPois   ∞            (no helmet)
rElec   +            (no cloak)
rCorr   .            (no gloves)
SInv    .            (no boots)
Will    .....        (no amulet)
Stlth   ++           (no ring)
HPRegen 0.24/turn    (no ring)
MPRegen 0.11/turn

%: no passive effects
@: no status effects
A: sickness immunity, AC +4, negative energy resistance 1, electricity
resistance, torment resistance 1, petrification resistance
a: no special abilities


You were on level 3 of the Dungeon.
You visited 1 branch of the dungeon, and saw 4 of its levels.

You collected 157 gold pieces.

Inventory:

Hand Weapons
 c - a +0 rapier (weapon)
Armour
 a - a +1 robe (worn)
Jewellery
 e - a ring of resist corrosion
 h - a ring of ice
Scrolls
 d - 2 scrolls of teleportation {unknown}
 j - 2 scrolls of identify {unknown}
 l - a scroll of magic mapping {unknown}
Potions
 b - a potion of magic
 f - a potion of lignification {unknown}
 g - 2 potions of resistance {unknown}
 i - a potion of might {unknown}
 k - a potion of degeneration {unknown}
 n - a potion of invisibility


   Skills:
 - Level 1.5 Dodging
 - Level 2.1 Stealth
 + Level 3.0 Spellcasting
 * Level 3.6 Conjurations
 - Level 0.7 Transmutations
 + Level 4.7 Earth Magic


You had 6 spell levels left.
You knew the following spells:

 Your Spells              Type           Power      Damage    Failure   Level
a - Sandblast             Erth           38%        2d10      2%          1
b - Stone Arrow           Conj/Erth      34%        3d9       9%          3

Your spell library contained the following spells:

 Spells                   Type           Power      Damage    Failure   Level
 Passwall                 Tmut/Erth      10%        N/A       9%          2
 Gell's Gravitas          Tloc           2%         N/A       43%         3
 Teleport Other           Tloc           2%         N/A       43%         3
 Tukima's Dance           Hex            2%         N/A       43%         3
 Petrify                  Tmut/Erth      12%        N/A       47%         4
 Passage of Golubria      Tloc           2%         N/A       85%         4
 Yara's Violent Unravell  Hex/Tmut       1%         3d3       98%         5
 Dispersal                Tloc           1%         N/A       100%        6


Dungeon Overview and Level Annotations

Branches:
Dungeon (4/15)
 Temple: D:4-7

Altars:
Yredelemnul


Innate Abilities, Weirdness & Mutations

You are immune to sickness and miasma.
Your stone body is resilient. (AC +4)
You are immune to poison.
You resist negative energy. (rN+)
You are resistant to electric shocks. (rElec)
You are resistant to unholy torment.
You are immune to petrification.


Message History

Confirm with . or Enter, or press ? or * to list all spells.
Aiming: Sandblast (safe; 2% risk of failure)
Press: ? - help, Shift-Dir - straight line, f - ice beast
Aim: an ice beast (lightly wounded, 82% to hit)
The blast of sand hits the ice beast.
The ice beast is moderately wounded.
The ice beast closely misses you.
Unknown command.
Casting: Sandblast (safe; 2% risk of failure)
Confirm with . or Enter, or press ? or * to list all spells.
Aiming: Sandblast (safe; 2% risk of failure)
Press: ? - help, Shift-Dir - straight line, f/p - ice beast
Aim: an ice beast (moderately wounded, 82% to hit)
The blast of sand hits the ice beast but does no damage.
The ice beast is moderately wounded.
The ice beast hits you. The ice beast freezes you.
The ice beast barely misses you.
Unknown command.
Casting: Sandblast (safe; 2% risk of failure)
Confirm with . or Enter, or press ? or * to list all spells.
Aiming: Sandblast (safe; 2% risk of failure)
Press: ? - help, Shift-Dir - straight line, f/p - ice beast
Aim: an ice beast (moderately wounded, 82% to hit)
The blast of sand misses the ice beast.
The ice beast hits you. The ice beast freezes you!
Unknown command.
Casting: Sandblast (safe; 2% risk of failure)
Confirm with . or Enter, or press ? or * to list all spells.
Aiming: Sandblast (safe; 2% risk of failure)
Press: ? - help, Shift-Dir - straight line, f/p - ice beast
Aim: an ice beast (moderately wounded, 82% to hit)
The blast of sand hits the ice beast.
The ice beast is heavily wounded.
The ice beast hits you but does no damage.
The ice beast hits you. The ice beast freezes you!
* * * LOW HITPOINT WARNING * * *
Your magical contamination has completely faded away.
Unknown command.
You feel better. The ice beast hits you. The ice beast freezes you!
You die...

### #.########## #...........
#.##########
############.########
#####............#......# ###
#........)Y..#####.####.# ..#
#.........@..#####.####.# ..#
#.......................#
..#####........#.#.#####.########
..........#'#+.._......#.........
#########.#.#.##.###...##########
#.#.#.#........##........
######.#.#.#..###..###.#######
#...##.#.#.#..###.........#
#...##.#.#.#.........#.##.#


You could see an ice beast.

Vanquished Creatures
  An orc priest (D:2)
  An orc wizard (D:2)
  3 adders
  A worm (D:2)
  A dart slug (D:2)
  3 orcs
  5 ball pythons
  5 endoplasms
  5 giant cockroaches
  5 goblins
  6 hobgoblins
  4 quokkas
  6 bats
  6 frilled lizards
  3 kobolds
  5 rats
60 creatures vanquished.

Notes
Turn   | Place    | Note
-------+----------+-------------------------------------------
     0 | D:1      | ders the Gargoyle Earth Elementalist began the quest for
                  | the Orb.
     0 | D:1      | Reached XP level 1. HP: 10/10 MP: 3/3
   233 | D:1      | Reached skill level 1 in Conjurations
   272 | D:1      | Reached XP level 2. HP: 15/15 MP: 3/5
   635 | D:1      | Reached skill level 4 in Earth Magic
   771 | D:1      | Reached XP level 3. HP: 19/19 MP: 6/6
  1046 | D:2      | Learned a level 3 spell: Stone Arrow
  1236 | D:2      | Reached XP level 4. HP: 24/24 MP: 4/7
  1643 | D:2      | Reached XP level 5. HP: 10/28 MP: 9/9
  2097 | D:3      | Found a basalt altar of Yredelemnul.
  2767 | D:4      | Noticed an ice beast
  2779 | D:3      | Slain by an ice beast

Illustrated notes

Levels and vault maps discovered:
D:1:      psy_arrival_fountain, layout_loops_ring
D:2:      layout_basic
D:3:      layout_basic, lemuel_crystal_altar
D:4:      layout_cave_pools, nicolae_specific_store,
          amcnicky_mini_rare_corridor_liquid, hangedman_decor_diamond_cutter,
          nicolae_grassy_gnolls, uniq_sigmund

Skill      XL: |  1  2  3  4  5 |
---------------+----------------+-----
Conjurations   | 1 2 3 |  3.6
Earth Magic    | 4 |  4.7
Spellcasting   | 3 |  3.0
Dodging        | |  1.5
Stealth        | |  2.1
Transmutations | |  0.7

Action                     |  1- 3 |  4- 6 || total
---------------------------+-------+-------++-------
  Melee: Rapier            |    30 |    19 ||    49
         Unarmed           |     1 |       ||     1
   Cast: Sandblast         |    42 |    27 ||    69
    Use: Potion            |       |     3 ||     3
         Scroll            |       |     2 ||     2
   Stab: Sleeping          |     1 |       ||     1
 Armour: Robe              |    10 |    21 ||    31
  Dodge: Dodged            |    32 |    29 ||    61

Table legend: (Time is in decaauts)
 A = Elapsed time spent in this place.
 B = Non-inter-level travel time spent in this place.
 C = Inter-level travel time spent in this place.
 D = Time resting spent in this place.
 E = Time spent auto-exploring this place.
 F = Levels seen in this place.
 G = Mean time per level.
                   A        B        C        D        E       F      G
               +--------+--------+--------+--------+--------+-----+--------+
         Total |   2822 |   2737 |     85 |     14 |   2336 |   4 |  705.5 |
       Dungeon |   2822 |   2737 |     85 |     14 |   2336 |   4 |  705.5 |
               +--------+--------+--------+--------+--------+-----+--------+

Top non-repeatable levels by time:
     D:2: 1108 daAuts
     D:3: 890 daAuts
     D:1: 816 daAuts
     D:4: 7 daAuts
